 Dungeon Crawl Stone Soup version 0.31-a0-4-gefa6de2278 (webtiles) character file.

Game seed: 15462037033257452548

12254 Anon1729 the Cleaver (level 11, -7/99 HPs)
             Began as a Minotaur Monk on May 3, 2023.
             Was an Elder of Qazlal.
             Killed by divine providence
             ... invoked by an orc priest
             ... led by an orc knight
              (11 damage)
             ... on level 1 of the Orcish Mines.
             The game lasted 00:08:47 (11149 turns).

Anon1729 the Cleaver (Minotaur Monk)               Turns: 11149, Time: 00:08:48

Health: -7/99      AC: 17    Str: 25    XL:     11   Next: 60%
Magic:  8/17       EV: 10    Int:  7    God:    Qazlal [****..]
Gold:   762        SH:  5    Dex: 14    Spells: 10/10 levels left

rFire   . . .        T - +2 war axe (vamp)
rCold   . . .        d - orb {light}
rNeg    + . .        L - +0 chain mail
rPois   .            (helmet restricted)
rElec   .            (no cloak)
rCorr   .            K - +0 pair of gloves
SInv    .            t - +0 pair of boots
Will    .....        r - amulet of the acrobat Stlth
                     b - ring of positive energy
HPRegen 0.36/turn    Q - +6 ring of strength
MPRegen 0.15/turn

%: repel missiles, acrobat
@: about to teleport, protected from physical damage, glowing
A: horns 2, retaliatory headbutt
a: Renounce Religion, Upheaval, Elemental Force


You were on level 1 of the Orcish Mines.
You worshipped Qazlal.
Qazlal was greatly pleased with you.
You visited 3 branches of the dungeon, and saw 14 of its levels.

You collected 762 gold pieces.

Inventory:

Hand Weapons
 a - a +0 hand axe
 H - a +2 heavy hand axe
 T - a +2 vampiric war axe (weapon)
Missiles
 o - 38 poisoned darts (quivered)
 s - 6 datura-tipped darts
Armour
 d - an orb of light (worn)
 t - a +0 pair of boots (worn)
 w - a +2 animal skin
 K - a +0 pair of gloves (worn)
 L - a +0 chain mail (worn)
 S - a +0 robe
Jewellery
 b - a ring of positive energy (left hand)
 r - an amulet of the acrobat (around neck)
 z - a ring of flight
 Q - a +6 ring of strength (right hand)
Wands
 B - a wand of polymorph (8)
 G - a wand of flame (17)
 M - a wand of iceblast (12)
 N - a wand of mindburst (20)
 R - a wand of charming (1)
Scrolls
 e - 3 scrolls of teleportation
 f - a scroll of silence {unknown}
 i - 3 scrolls of fog {unknown}
 j - 11 scrolls of identify {unknown}
 l - a scroll of magic mapping {unknown}
 m - 3 scrolls of amnesia {unknown}
 q - 2 scrolls of blinking {unknown}
 x - 5 scrolls of immolation {unknown}
 y - a scroll of acquirement {unknown}
 A - a scroll of vulnerability {unknown}
 C - a scroll of enchant armour {unknown}
 F - 2 scrolls of noise {unknown}
 I - a scroll of poison {unknown}
 J - a scroll of butterflies {unknown}
 U - 2 scrolls of fear {unknown}
 V - a scroll of brand weapon {unknown}
Potions
 c - 3 potions of ambrosia
 g - a potion of haste {unknown}
 h - 2 potions of mutation {unknown}
 k - 3 potions of curing
 n - 2 potions of attraction {unknown}
 p - 3 potions of might
 u - 3 potions of degeneration {unknown}
 v - 6 potions of heal wounds {unknown}
 D - a potion of lignification {unknown}
 E - a potion of magic {unknown}
 O - 2 potions of brilliance {unknown}
 P - 3 potions of invisibility {unknown}
 W - a potion of flight {unknown}
 X - a potion of cancellation {unknown}


   Skills:
 + Level 10.1 Fighting
 * Level 13.6 Axes
 + Level 9.2 Armour
 - Level 3.3 Dodging
 * Level 10.4 Invocations


You had 10 spell levels left.
You didn't know any spells.
Your spell library contained the following spells:

 Spells                   Type           Power      Damage    Failure   Level
 Blink                    Tloc           0%         N/A       96%         2
 Lesser Beckoning         Tloc           0%         N/A       96%         2
 Sublimation of Blood     Necr           0%         N/A       96%         2
 Wereblood                Tmut           0%         N/A       96%         2
 Hailstorm                Conj/Ice       0%         3d3       99%         3
 Teleport Other           Tloc           0%         N/A       99%         3
 Ice Form                 Ice/Tmut       0%         N/A       100%        4
 Manifold Assault         Tloc           0%         N/A       100%        4
 Summon Forest            Summ/Tloc      0%         N/A       100%        5
 Simulacrum               Ice/Necr       0%         N/A       100%        6
 Malign Gateway           Summ/Tloc      0%         N/A       100%        7
 Storm Form               Tmut/Air       0%         N/A       100%        7
 Summon Hydra             Summ           0%         N/A       100%        7


Dungeon Overview and Level Annotations

Branches:
Dungeon (11/15)            Temple (1/1) D:4            Lair (0/5) D:11
    Orc (2/2) D:11            Elf (0/3) Orc:2

Altars:
Ashenzari
Cheibriados
Elyvilon
Hepliaklqana
Makhleb
Nemelex Xobeh
Qazlal
Sif Muna
Trog
Vehumet
Wu Jian
Xom
Yredelemnul
Zin
Lugonu

Shops:
D:5 (   Orc:1 (

Portals:
Abyss: D:7


Innate Abilities, Weirdness & Mutations

You have a pair of horns on your head.
You reflexively headbutt those who attack you in melee.


Message History

You hear a shout!
The orc wizard no longer looks unusually strong.
The orc wizard is engulfed in freezing vapours.
Aiming: Upheaval
Press: ? - help, Dir - move target, p - orc knight Magma suddenly erupts from the ground!
The blast of magma engulfs the orc knight!!!
The orc knight is severely wounded.
The blast of magma engulfs the orc warrior!
The orc warrior is moderately wounded.
You can no longer call upon nature's wrath in a wide area around you.
You hear a shout!
The orc priest no longer looks unusually strong.
The orc wizard is engulfed in a thunderstorm.
You kill the orc wizard!
Qazlal accepts your kill.
Aiming: Upheaval
Press: ? - help, Dir - move target, f - orc knight
Aim: an orc knight, wielding a +0 great sword and wearing a +0 plate armour (lightly wounded, strong, haloed)
The ground shakes violently, spewing rubble!
The blast of rubble hits the orc warrior!!
The orc warrior is almost dead.
The blast of rubble hits the orc knight but does no damage.
The orc knight is lightly wounded.
The orc knight no longer looks unusually strong.
There's nothing to close nearby.
You feel better.
You hear a shout!
The orc warrior no longer looks unusually strong.
The orc knight hits you with a +0 great sword!!
* * * LOW HITPOINT WARNING * * *
An orc priest comes into view. It is wielding a +0 whip.
As you read the scroll labelled UXESHU QYJUNEY, it crumbles to dust.
You feel strangely unstable.
It was a scroll of teleportation.
The orc priest no longer looks unusually strong.
The orc knight roars a battlecry!
The orcs go into a battle-frenzy!
The orc priest mumbles some strange prayers to Beogh against you.
Beogh smites you!
You die...

## ## ##
##.##.#$.#
#.##.........
...........
........###
##.........##
#...##......##
#..@#........# .
##.#oo......# #
....#o.o§......##
##
#.......o.o.....#
.##
.......#oo≈)....#
#.####
#.#......≈≈†....#
...#.## .
#......o[...>.#
#.....#
........))....##
#....##
........#.).....#


You could see 2 orc knights, 2 orc warriors, 4 orc priests and an orc (strong).

Vanquished Creatures
  3 two-headed ogres
  A gargoyle (D:10)
  Maggie (D:7)
  2 unseen horrors
  3 komodo dragons (D:11)
  Grinder (D:5)
  Prince Ribbit (D:5)
  12 yaks
  A wyvern (D:9)
  Eustachio (D:6)
  4 vampire mosquitoes (D:11)
  A steam dragon (D:8)
  Menkaure (D:7)
  2 wargs (Orc:1)
  A sky beast (D:8)
  Duvessa (D:5)
  6 water moccasins
  3 black bears
  7 orc warriors
  3 ice beasts
  3 ogres
  3 centaurs
  2 phantoms
  A kobold brigand (D:9)
  5 bullfrogs
  4 scorpions
  Dowan (D:5)
  10 killer bees
  6 howler monkeys
  A crimson imp (D:6)
  A jelly (D:6)
  4 hounds (D:5)
  2 gnoll boudas
  2 sleepcaps
  9 orc priests
  4 iguanas
  17 orc wizards
  Robin (D:3)
  11 gnolls
  4 adders
  A white imp (D:8)
  2 ufetubi
  2 worms
  A dart slug (D:1)
  62 orcs
  6 ball pythons
  6 bats
  6 endoplasms
  2 giant cockroaches
  9 hobgoblins
  12 kobolds
  4 quokkas
  7 frilled lizards
  14 goblins
  4 rats
  2 lurking horrors (D:7)
286 creatures vanquished.

Vanquished Creatures (others)
  22 fungi (D:11)
  A lurking horror (D:7)
  14 plants
37 creatures vanquished.

Grand Total: 323 creatures vanquished

Notes
Turn   | Place    | Note
-------+----------+-------------------------------------------
     0 | D:1      | Anon1729 the Minotaur Monk began the quest for the Orb.
     0 | D:1      | Reached XP level 1. HP: 19/19 MP: 0/0
   325 | D:1      | Reached skill level 4 in Axes
   387 | D:1      | Reached XP level 2. HP: 27/27 MP: 1/1
   483 | D:1      | Reached skill level 1 in Armour
  1136 | D:2      | Reached XP level 3. HP: 33/33 MP: 2/2
  1925 | D:3      | Noticed Robin
  1934 | D:3      | Killed Robin
  1937 | D:3      | Reached XP level 4. HP: 22/41 MP: 3/3
  2222 | D:3      | Reached skill level 5 in Axes
  2928 | D:4      | Found a staircase to the Ecumenical Temple.
  2941 | Temple   | Entered the Ecumenical Temple
  2946 | Temple   | Became a worshipper of Qazlal Stormbringer
  2946 | Temple   | Reached * piety under Qazlal
  2946 | Temple   | Reached ** piety under Qazlal
  2996 | D:4      | Noticed a phantom
  3005 | D:4      | Killed a phantom
  3006 | D:4      | Reached XP level 5. HP: 41/47 MP: 4/4
  3187 | D:4      | Reached skill level 6 in Axes
  3211 | D:5      | Entered Level 5 of the Dungeon
  3246 | D:5      | Reached skill level 5 in Fighting
  3246 | D:5      | Reached skill level 1 in Invocations
  3249 | D:5      | Reached XP level 6. HP: 44/56 MP: 5/5
  3492 | D:5      | Noticed Grinder
  3505 | D:5      | Paralysed by Grinder for 3 turns
  3516 | D:5      | Killed Grinder
  3517 | D:5      | Reached skill level 7 in Axes
  3517 | D:5      | Reached XP level 7. HP: 22/61 MP: 6/8
  3649 | D:5      | Found a white marble altar of Elyvilon.
  3653 | D:5      | Noticed Prince Ribbit
  3655 | D:5      | Noticed Duvessa
  3655 | D:5      | Noticed Dowan
  3661 | D:5      | Killed Duvessa
  3665 | D:5      | Killed Prince Ribbit
  3669 | D:5      | Killed Dowan
  3742 | D:5      | Found Vykkoaf's Antique Weapon Boutique.
  3770 | D:5      | Reached skill level 8 in Axes
  3770 | D:5      | Reached XP level 8. HP: 55/70 MP: 10/10
  4165 | D:5      | Reached skill level 5 in Armour
  4449 | D:5      | Reached skill level 5 in Invocations
  4683 | D:6      | Reached *** piety under Qazlal
  4752 | D:6      | Found a bloodstained altar of Trog.
  4780 | D:6      | Reached skill level 9 in Axes
  4878 | D:6      | Reached XP level 9. HP: 62/79 MP: 12/12
  5033 | D:6      | Noticed Eustachio
  5042 | D:6      | Killed Eustachio
  5265 | D:6      | Found a radiant altar of Vehumet.
  5340 | D:6      | Found a shimmering altar of Xom.
  5340 | D:6      | Found a burning altar of Makhleb.
  5544 | D:7      | Found a one-way gate to the infinite horrors of the Abyss.
  5545 | D:7      | Found a corrupted altar of Lugonu.
  6141 | D:7      | Noticed Menkaure
  6142 | D:7      | Noticed Maggie
  6155 | D:7      | Killed Menkaure
  6156 | D:7      | Reached skill level 10 in Axes
  6157 | D:7      | Killed Maggie
  6551 | D:8      | Reached XP level 10. HP: 24/88 MP: 10/14
  6744 | D:8      | Reached skill level 11 in Axes
  6898 | D:8      | Identified the +5 leather armour of Dice, Bag, and Bottle
                  | {rPois rN++ Str-3}
  7018 | D:8      | Found a broken altar of Ashenzari.
  7022 | D:8      | Saw a vision of the Shoals and the Spider Nest.
  7022 | D:8      | Noticed a moth of wrath
  7022 | D:8      | Noticed a moth of wrath
  7022 | D:8      | Noticed a demonic crawler
  7022 | D:8      | Noticed a radroach
  7022 | D:8      | Noticed a kraken
  7022 | D:8      | Noticed a harpy
  7022 | D:8      | Noticed a kraken
  7022 | D:8      | Noticed a merfolk siren
  7022 | D:8      | Noticed a manticore
  7023 | D:8      | Noticed a boulder beetle
  7148 | D:8      | Found a sparkling altar of Nemelex Xobeh.
  7290 | D:8      | Found an ornate altar of the Wu Jian Council.
  7519 | D:9      | Reached **** piety under Qazlal
  7764 | D:9      | Found a glowing silver altar of Zin.
  7965 | D:9      | Noticed a two-headed ogre
  7970 | D:9      | Got the Treatise on the Geodesic
  7976 | D:9      | Killed a two-headed ogre
  8085 | D:9      | Found a snail-covered altar of Cheibriados.
  8331 | D:10     | Entered Level 10 of the Dungeon
  8385 | D:10     | Noticed a gargoyle
  8400 | D:10     | Reached skill level 12 in Axes
  8404 | D:10     | Killed a gargoyle
  8743 | D:10     | Found a basalt altar of Yredelemnul.
  9027 | D:10     | Reached XP level 11. HP: 97/97 MP: 15/17
  9284 | D:10     | Found a shimmering blue altar of Sif Muna.
  9420 | D:11     | Found a staircase to the Lair.
  9635 | D:11     | Noticed a two-headed ogre
  9643 | D:11     | Killed a two-headed ogre
  9644 | D:11     | Reached skill level 13 in Axes
  9844 | D:11     | Noticed a two-headed ogre
  9852 | D:11     | Killed a two-headed ogre
  9853 | D:11     | Reached skill level 10 in Invocations
 10708 | D:11     | Reached ***** piety under Qazlal
 10734 | D:11     | Found a staircase to the Orcish Mines.
 10865 | Orc:1    | Entered Level 1 of the Orcish Mines
 10912 | Orc:1    | Found a bloodstained altar of Trog.
 11026 | Orc:2    | Entered Level 2 of the Orcish Mines
 11026 | Orc:2    | Found a staircase to the Elven Halls.
 11041 | Orc:2    | Reached skill level 10 in Fighting
 11125 | Orc:1    | Found Qaisant's Antique Weapon Shop.
 11129 | Orc:1    | Noticed an orc knight
 11131 | Orc:1    | Noticed an orc knight
 11148 | Orc:1    | HP: 3/99 [orc knight/+0 great sword (23)]
 11149 | Orc:1    | Killed from afar by an orc priest

Illustrated notes

Levels and vault maps discovered:
D:1:      ncdulo_halloftheorcs, layout_loops_corners,
          chequers_serial_rivers_micro_a, skrybe_limestone_x,
          minmay_misc_feat_more_columns, minmay_misc_feat_tower,
          serial_bayou_lagoon_b
D:2:      layout_basic
D:3:      wander_river, layout_basic, uniq_robin
D:4:      layout_rooms, minmay_temple_entry_crystal_x, guppyfry_early_lair_pool
D:5:      layout_basic, mainiacjoe_overflow_boulevard, serial_shops, shop,
          uniq_duvessa, uniq_prince_ribbit1, uniq_grinder
D:6:      layout_loops_ring, grunt_temple_overflow_champion_of_chaos,
          nicolae_vehumet_altar_sigil, nicolae_overflow_hidden_temple,
          uniq_eustachio
D:7:      dreamdust_elfheim, layout_gridville, amcnicky_altar_lugonu_corruption,
          uniq_maggie, uniq_menkaure
D:8:      layout_loops_ring, grunt_ashenzari_visionary
          [grunt_ashenzari_visionary_shoals, grunt_ashenzari_visionary_spider],
          mainiacjoe_overflow_tiny_flanked, mainiacjoe_overflow_24_doors,
          glass_columns_b, st_stairs_2, kennysheep_diamond
D:9:      layout_rooms, zin_treasury, lemuel_round_altar
D:10:     layout_gridville, yredelemnul_altar_generic,
          nicolae_sif_muna_little_library
D:11:     layout_layer_cave, due_lair_maze_entry_diamond, hiddenorc1_lemuel
Temple:   nicolae_temple_ecumenical_triangle
Orc:1:    layout_caves, serial_shops, nicolae_shop_tiny_statue_garden,
          basic_altar
Orc:2:    st_orc_ogre_mass, layout_caves, basic_altar, serial_shops,
          nicolae_shop_drivethru, lightli_orcish_oven

Skill      XL: |  1  2  3  4  5  6  7  8  9 10 11 |
---------------+----------------------------------+-----
Axes           | 4 5 6 7 8 9 10 12 13 | 13.6
Armour         | 1 2 3 4 5 7 8 9 |  9.2
Fighting       | 4 5 6 7 8 9 10 | 10.1
Invocations    | 1 2 4 5 7 9 10 | 10.4
Dodging        | |  3.3

Action                     |  1- 3 |  4- 6 |  7- 9 | 10-12 || total
---------------------------+-------+-------+-------+-------++-------
  Melee: Hand axe          |    73 |   111 |   165 |    82 ||   431
         Headbutt          |    16 |    30 |    44 |    63 ||   153
         Unarmed           |       |       |    13 |       ||    13
         War axe           |       |       |       |   155 ||   155
 Invoke: Upheaval          |       |       |     1 |     3 ||     4
    Use: Potion            |       |       |     4 |     1 ||     5
         Scroll            |       |       |       |     1 ||     1
   Stab: Confused          |       |       |     1 |       ||     1
 Armour: Robe              |    11 |     9 |       |       ||    20
         Animal skin       |       |    13 |    36 |       ||    49
         Skin              |       |       |     4 |       ||     4
         Chain mail        |       |       |    17 |   109 ||   126
  Dodge: Dodged            |    40 |    58 |   104 |   120 ||   322
         Repelled          |       |       |       |     3 ||     3
  Block: Orb               |       |     4 |    28 |    52 ||    84
         Other             |       |       |     3 |       ||     3

Table legend: (Time is in decaauts)
 A = Elapsed time spent in this place.
 B = Non-inter-level travel time spent in this place.
 C = Inter-level travel time spent in this place.
 D = Time resting spent in this place.
 E = Time spent auto-exploring this place.
 F = Levels seen in this place.
 G = Mean time per level.
                   A        B        C        D        E       F      G
               +--------+--------+--------+--------+--------+-----+--------+
         Total |  11231 |  10616 |    615 |    809 |   8391 |  14 |  802.2 |
       Dungeon |  10942 |  10347 |    595 |    751 |   8253 |  11 |  994.7 |
        Temple |     10 |     10 |      0 |      0 |      0 |   1 |   10.0 |
  Orcish Mines |    278 |    259 |     19 |     58 |    138 |   2 |  139.0 |
               +--------+--------+--------+--------+--------+-----+--------+

Top non-repeatable levels by time:
    D:11: 1501 daAuts
     D:5: 1429 daAuts
     D:1: 1104 daAuts
     D:6: 1042 daAuts
    D:10: 1013 daAuts
     D:7: 985 daAuts
     D:8: 888 daAuts
     D:2: 842 daAuts
     D:9: 753 daAuts
     D:3: 726 daAuts
     D:4: 653 daAuts
   Orc:1: 182 daAuts
   Orc:2: 96 daAuts
  Temple: 10 daAuts
